 Dungeon Crawl Stone Soup version 0.32-a0-131-g9dbbe29261 (webtiles) character file.

Game seed: 7591819223060901919

494 ablified the Caller (level 6, -2/29 HPs)
             Began as a Felid Summoner on Feb 7, 2024.
             Slain by a black bear (8 damage)
             ... on level 5 of the Dungeon on Feb 8, 2024.
             The game lasted 00:38:17 (3607 turns).

ablified the Caller (Felid Summoner)                Turns: 3607, Time: 00:38:18

Health: -2/29      AC:  2    Str:  4    XL:     6   Next: 92%
Magic:  5/12       EV: 18    Int: 21    God:
Gold:   215        SH:  0    Dex: 16    Spells: 8/12 levels left
                                        Lives:  0   Deaths: 2

rFire   . .          .
                       - Unarmed
rCold   . . .        (shield unavailable)
rNeg    . . .        (body armour unavailable)
rPois   .            (helmet unavailable)
rElec   .            (cloak unavailable)
rCorr   .            (gloves unavailable)
SInv    +            (boots unavailable)
Will    .....        (no amulet)
Stlth   +++          (no ring)
HPRegen 0.24/turn    (no ring)
MPRegen 0.13/turn

%: no passive effects
@: inugami summoned
A: very small, claws 1, fangs 3, see invisible, shaggy fur 2, stealthy paws, no
weapons or thrown items, no armour, multi-lived, evolution 1
a: no special abilities


You were on level 5 of the Dungeon.
You visited 1 branch of the dungeon, and saw 5 of its levels.

You collected 215 gold pieces.

Inventory:

Missiles
 e - 38 stones
 i - 7 poisoned darts
Armour
 h - an orb of light
 p - a +0 hat
Jewellery
 c - a ring of protection from cold
 f - an amulet of magic regeneration
Scrolls
 b - 2 scrolls of enchant weapon {unknown}
 g - a scroll of amnesia {unknown}
 j - 2 scrolls of summoning {unknown}
 m - a scroll of torment {unknown}
 r - a scroll of teleportation {unknown}
 s - a scroll of identify {unknown}
Potions
 a - 2 potions of magic
 k - a potion of degeneration {unknown}
 l - a potion of cancellation {unknown}
 n - a potion of curing {unknown}
 o - 2 potions of might
 q - a potion of heal wounds {unknown}


   Skills:
 + Level 0.6 Fighting
 + Level 3.4 Dodging
 + Level 3.6 Stealth
 + Level 1.7 Unarmed Combat
 + Level 3.7 Spellcasting
 * Level 6.7 Summonings


You had 8 spell levels left.
You knew the following spells:

 Your Spells              Type           Power      Damage    Failure   Level
a - Summon Small Mammal   Summ           100%       N/A       1%          1
b - Call Canine Familiar  Summ           32%        N/A       2%          3

Your spell library contained the following spells:

 Spells                   Type           Power      Damage    Failure   Level
 Call Imp                 Summ           64%        N/A       1%          2
 Summon Blazeheart Golem  Fire/Summ      18%        N/A       30%         4
 Summon Lightning Spire   Summ/Air       18%        N/A       30%         4


Dungeon Overview and Level Annotations

Branches:
Dungeon (5/15)
 Temple: D:4-7

Altars:


Innate Abilities, Weirdness & Mutations

You have sharp claws.
You have razor-sharp teeth.
You have supernaturally acute eyesight. (SInv)
You are covered in thick fur. (AC +2)
Your paws help you pounce on unaware monsters.
You are incapable of wielding weapons or throwing items.
You cannot wear armour.
You gain extra lives every three experience levels.
You have hidden genetic potential.


Message History

Something closely misses your quokka. Something claws your quokka. x2
Your quokka dies!
Your quokka's corpse disappears in a puff of smoke!
You swap places.
The black bear attacks as it pursues you!
The black bear bites you! The black bear misses you. The black bear claws you.
Casting: Summon Small Mammal (safe; 1% risk of failure)
Confirm with . or Enter, or press ? or * to list all spells.
You imbue your familiar with magical energy and its fangs glint viciously.
Your inugami hits the black bear. x2; The black bear bites you!
The black bear barely misses you. The black bear misses you.
You barely miss the black bear. You bite the black bear.
The black bear is heavily wounded.
Your inugami hits the black bear. The black bear misses you. x2
The black bear closely misses you.
Your inugami hits the black bear.
The black bear goes berserk!
Casting: Call Canine Familiar (dangerous; 2% risk of failure)
Confirm with . or Enter, or press ? or * to list all spells.
Your inugami disappears in a puff of smoke!
The black bear completely misses you.
The black bear claws you but does no damage.
The black bear completely misses you.
The black bear rages.
You see here 3 gold pieces.
The black bear barely misses you. The black bear claws you. x2
* * * LOW HITPOINT WARNING * * *
Your rat barely misses the black bear.
Casting: Summon Small Mammal (safe; 1% risk of failure)
Confirm with . or Enter, or press ? or * to list all spells.
You call for your canine familiar and it appears with a howl!
The black bear bites you.
* * * LOW HITPOINT WARNING * * *
The black bear claws you.
* * * LOW HITPOINT WARNING * * *
The black bear closely misses you.
Your rat barely misses the black bear.
It was a potion of mutation.
You feel extremely strange.
You feel a hidden potential growing inside you.
The black bear closely misses you. x2; The black bear barely misses you.
The black bear bites you!
You die...

#.# ##.##.## #.. ##
##.##.##. #.# # ..
##.##.# .##.#.# .#
##.##.# .#.#. .# ##.##.#
... .# ##.##.# #.# .#
......#####.#####h#
...............h@.##
###########....r........
##############


You could see a black bear (berserk, ally target), a friendly inugami (summoned)
and a friendly rat (summoned).

Vanquished Creatures
  A ball python (D:3)
  An endoplasm (D:4)
  A giant cockroach (D:3)
  2 quokkas
  A bat (D:1)
  A kobold (D:1)
  2 rats
9 creatures vanquished.

Vanquished Creatures (collateral kills)
  A bullfrog (D:4)
  A scorpion (D:4)
  A bombardier beetle (D:4)
  2 hounds
  2 sleepcaps
  An iguana (D:4)
  Natasha (twice) (D:4)
  An orc wizard (D:3)
  A gnoll (D:3)
  2 adders (D:2)
  4 dart slugs (D:2)
  3 orcs (D:3)
  8 endoplasms
  3 giant cockroaches
  7 goblins
  6 hobgoblins
  4 jackals (D:1)
  11 kobolds
  2 quokkas
  9 ball pythons
  5 bats
  4 frilled lizards
  4 rats (D:3)
84 creatures vanquished.

Grand Total: 93 creatures vanquished

Notes
Turn   | Place    | Note
-------+----------+-------------------------------------------
     0 | D:1      | ablified the Felid Summoner began the quest for the Orb.
     0 | D:1      | Reached XP level 1. HP: 9/9 MP: 4/4
   236 | D:1      | Reached XP level 2. HP: 13/13 MP: 6/6
   563 | D:1      | Reached XP level 3. HP: 2/16 MP: 4/7
   849 | D:1      | Upgraded the game from 0.32-a0-128-g77eb882913 to
                  | 0.32-a0-131-g9dbbe29261
   978 | D:2      | Learned a level 3 spell: Call Canine Familiar
  1014 | D:2      | Slain by an adder
  1014 | D:2      | Lost a life (0 lives remaining)
  1560 | D:2      | Reached skill level 5 in Summonings
  1568 | D:2      | Reached XP level 4. HP: 21/21 MP: 9/9
  1568 | D:2      | Gained a life (1 life remaining)
  1641 | D:2      | Found a faded altar of an unknown god.
  2364 | D:3      | Reached skill level 1 in Unarmed Combat
  2364 | D:3      | Reached XP level 5. HP: 17/24 MP: 8/10
  2826 | D:4      | Noticed Natasha
  2833 | D:4      | Killed Natasha
  2932 | D:4      | HP: 1/25 [poisoned by a scorpion]
  2933 | D:4      | Succumbed to a scorpion's poison
  2933 | D:4      | Lost a life (0 lives remaining)
  2969 | D:4      | Reached skill level 6 in Summonings
  2969 | D:4      | Gained mutation: You are covered in thick fur. (AC +2)
                  | [Felid growth]
  2969 | D:4      | Reached XP level 6. HP: 29/29 MP: 10/12
  2974 | D:4      | Noticed Natasha
  2983 | D:4      | Killed Natasha
  3486 | D:5      | Entered Level 5 of the Dungeon
  3607 | D:5      | Gained mutation: You have hidden genetic potential. [potion
                  | of mutation]
  3607 | D:5      | Slain by a black bear

Illustrated notes

Levels and vault maps discovered:
D:1:      amcnicky_arrival_flooded_fountain, layout_loops_ring
D:2:      layout_basic, nicolae_ecumenical_oubliette,
          wander_ebering_terrifying_dragon_lair
D:3:      layout_basic, st_stairs_8
D:4:      layout_loops_ring, minmay_misc_feat_chi, uniq_natasha
D:5:      layout_loops_ring, minmay_temple_entry_trees

Skill      XL: |  1  2  3  4  5 |
---------------+----------------+-----
Summonings     | 5 6 |  6.7
Dodging        | 3 |  3.4
Unarmed Combat | 1 |  1.7
Spellcasting   | 3 |  3.7
Stealth        | 3 |  3.6
Fighting       | |  0.6

Action                     |  1- 3 |  4- 6 || total
---------------------------+-------+-------++-------
  Melee: Unarmed           |    20 |    36 ||    56
         Bite              |     4 |    11 ||    15
   Cast: Summon Small Mamm |    29 |    26 ||    55
         Call Canine Famil |     5 |    15 ||    20
    Use: Potion            |       |     2 ||     2
   Stab: Sleeping          |     1 |     2 ||     3
 Armour: Skin              |    31 |    30 ||    61
  Dodge: Dodged            |    73 |    84 ||   157

Table legend: (Time is in decaauts)
 A = Elapsed time spent in this place.
 B = Non-inter-level travel time spent in this place.
 C = Inter-level travel time spent in this place.
 D = Time resting spent in this place.
 E = Time spent auto-exploring this place.
 F = Levels seen in this place.
 G = Mean time per level.
                   A        B        C        D        E       F      G
               +--------+--------+--------+--------+--------+-----+--------+
         Total |   3605 |   1506 |   2099 |    218 |      0 |   5 |  721.0 |
       Dungeon |   3605 |   1506 |   2099 |    218 |      0 |   5 |  721.0 |
               +--------+--------+--------+--------+--------+-----+--------+

Top non-repeatable levels by time:
     D:3: 982 daAuts
     D:1: 957 daAuts
     D:2: 825 daAuts
     D:4: 719 daAuts
     D:5: 120 daAuts
